Unix NetHack Version 5.0.0-0 post-release - last build Jul 19 2026 19:10:59 (3aa4ab31751d3886436d94b585a96704892fd477,branch:main).

Game began 2026-07-26 04:28:24, ended 2026-07-26 18:15:48.

Anwyn, chaotic female orcish Barbarian

                            ------------------------
                            |..%................%.%|
                            |..-------------------.|
                          ----.|    -----        |.|
                          |..|.--  --...|        |.|
                          |.....|--|....|        |.|
                          |.....|..|....|        |.|
                          --../.|......--        |.|
                           |.......|...|   ------|.|
                           |..*.|..|...| --|.me&Y|.|
                           |....---|...| |.+Raq..|L|
                           |.*.....|..-- |-|.gxqq|@|
                           ----....|.--  |.:@.odsq.|
                              ---.--.|   |-|pn.i:|--
                               |.....|   |.+.@a..|
                               |>.|..|   --|...BY|
                               -------     -------

Anwyn the Bandit           St:17 Dx:17 Co:18 In:7 Wi:9 Ch:7  Chaotic
Dlvl:3  $:324 HP:0(101) Pw:18(18) AC:3  Xp:9 T:7325  Blind

Latest messages:
 The Green-elf hits!
 Luke vanishes and reappears farther away.
 Luke vanishes and reappears next to you.
 Luke casts a spell!
 The blast of frost hits the mumak!
 The blast of frost hits it.
 What do you want to zap? [jlmrzL or ?*] ?
 In what direction? h
 The wand hits the Green-elf!
 The wand hits the werejackal!
 You kill the werejackal!
 The wand misses it.
 What do you want to zap? [jlmrzL or ?*] r
 In what direction? h
 The wand misses the Green-elf.
 The wand hits it!
 You kill it!
 The Green-elf hits!
 The leocrotta is hit.
 What do you want to zap? [jlmrzL or ?*] r
 In what direction? h
 The wand misses the Green-elf.
 The wand misses the leocrotta.
 The wand misses the Woodland-elf.
 The wand hits the water nymph!
 The Green-elf hits!
 Luke vanishes and reappears next to you.
 The leocrotta is hit.
 What do you want to zap? [jlmrzL or ?*] r
 In what direction? h
 The wand hits the Green-elf!
 You kill the Green-elf!
 The wand misses the leocrotta.
 The blast of frost hits the scorpion.
 The blast of frost hits the leocrotta.
 The blast of frost hits you!
 The leocrotta hits!
 The leocrotta bites!
 The leocrotta hits!
 The leocrotta hits!
 The leocrotta misses!
 The leocrotta hits!
 The leocrotta hits!
 The leocrotta bites!
 You die...
 Do you want your possessions identified? [ynq] (y) y
 Do you want to see your attributes? [ynq] (y) y
 Do you want an account of creatures vanquished? [ynaq] (y) y
 Do you want to see your conduct and achievements? [ynq] (y) y
 Do you want to see the dungeon overview? [ynq] (y) y

Inventory:
 Coins    ('$')
  $ - 324 gold pieces
 Weapons  (')')
  C - 9 +0 daggers (at the ready)
  a - a blessed +0 battle-axe (weapon in hands)
 Armor    ('[')
  o - an uncursed +0 pair of high boots (being worn)
  q - an uncursed +0 dwarvish cloak (being worn)
  R - an uncursed rusty +0 banded mail (being worn)
 Scrolls  ('?')
  B - 2 uncursed scrolls of earth
  P - an uncursed scroll of enchant armor
  H - an uncursed scroll of fire
 Potions  ('!')
  v - an uncursed potion of full healing
  I - an uncursed potion of healing
  F - 2 cursed potions of healing
  i - an uncursed potion of invisibility
  G - an uncursed potion of oil
  E - a cursed potion of oil
  V - an uncursed potion of sleeping
  e - a cursed potion of sleeping
 Rings    ('=')
  u - an uncursed -2 ring of increase accuracy
  Y - an uncursed +1 ring of increase damage (on left hand)
  S - an uncursed ring of poison resistance
  D - an uncursed ring of polymorph control (on right hand)
  b - an uncursed ring of regeneration
  M - an uncursed ring of stealth
 Wands    ('/')
  m - a wand of magic missile (0:4)
  j - a wand of polymorph (0:0)
  z - a wand of secret door detection (0:13)
  L - a wand of sleep (0:7)
  l - a cursed wand of stasis (0:3)
  r - a wand of striking (0:0)
 Tools    ('(')
  w - an uncursed magic whistle
  d - an uncursed pair of lenses
  k - an uncursed skeleton key
  t - an uncursed towel (being worn)
  h - a +0 unicorn horn
 Gems/Stones  ('*')
  c - 2 uncursed luckstones

Anwyn the Barbarian's attributes:

Background:
 You were a Bandit, a level 9 female orcish Barbarian.
 You were chaotic, on a mission for Set
 who was opposed by Mitra (lawful) and Crom (neutral).
 You were right-handed.
 You were in Sokoban, on level 3.
 You entered the dungeon 7325 turns ago.
 You had 3589 experience points, 1531 more were needed to attain level 10.

Basics:
 You had 0 out of 101 hit points.
 You had all 18 energy points (spell power).
 Your armor class was 3.
 Your wallet contained 324 zorkmids.
 Autopickup was on for '$"!/?=' plus thrown.

Final Characteristics:
 Your strength was 17 (limit:18/50).
 Your dexterity was 17 (limit:18).
 Your constitution was 18 (limit:18).
 Your intelligence was 7 (limit:16).
 Your wisdom was 9 (limit:16).
 Your charisma was 7 (limit:16).

Final Status:
 You were deliberately blind.
 You weren't hungry.
 You were unencumbered.
 You were wielding an axe.
 You had basic skill with axe and could have enhanced that.

Final Attributes:
 You were piously aligned.
 Your items were somewhat protected from fire.
 Your items were somewhat protected from cold.
 You were poison resistant.
 You were telepathic.
 You had infravision.
 You had a small damage bonus (+1).
 You were warded.
 You had polymorph control.
 You were fast.
 You were lucky.
 You had extra luck.
 Bad luck did not time out for you.
 Good luck did not time out for you.
 You are dead.

Miscellaneous:
 You encountered 2 bones levels.
 Total elapsed playing time was 2 hours, 29 minutes and 39 seconds.

Major events:
 Turn
    1: Anwyn the chaotic female orcish Barbarian entered the dungeon
  489: Aklavik, the general store proprietrix, has been killed
  785: entered the Gnomish Mines
  962: attained the rank of Pillager (level 3)
 2507: reached Mine Town
 2576: attained the rank of Bandit (level 6)
 5274: entered Sokoban
 5579: completed 1st Sokoban level
 5821: completed 2nd Sokoban level
 6539: completed 3rd Sokoban level
 7229: completed 4th Sokoban level
 7325: killed by a leocrotta

You didn't know any spells.

Skills:
 Fighting Skills
   bare handed combat [Basic]
   two weapon combat  [Unskilled]
   riding             [Unskilled]
 Weapon Skills
   dagger             [Basic]
   axe                [Basic]
   pick-axe           [Unskilled]
   short sword        [Basic]
   broadsword         [Unskilled]
   long sword         [Unskilled]
   two-handed sword   [Unskilled]
   saber              [Unskilled]
   club               [Unskilled]
   mace               [Unskilled]
   morning star       [Unskilled]
   flail              [Unskilled]
   hammer             [Unskilled]
   quarterstaff       [Unskilled]
   spear              [Unskilled]
   trident            [Unskilled]
   bow                [Unskilled]
 Spellcasting Skills
   attack spells      [Unskilled]
   escape spells      [Unskilled]

Voluntary challenges:
 Character rerolling was not enabled.
 You never genocided any monsters.
 You never polymorphed an object.
 You never changed form.
 You used no wishes.
 You violated the special Sokoban rules twice.
Achievements:
 You entered a shop.
 You entered the Gnomish Mines.
 You attained the rank of Pillager.
 You entered Minetown.
 You attained the rank of Bandit.
 You entered a temple.
 You entered Sokoban.

 The Dungeons of Doom: levels 1 to 7
    Level 1: "locked chest"
       An altar, a fountain.
    Level 2:
       A general store.
    Level 3:
       A sink.
       Stairs down to The Gnomish Mines.
    Level 4: "***STASH***"
       Final resting place for
          greengrass-Wiz-Hum-Mal-Neu, killed by a rabid rat.
    Level 5:
    Level 6:
       Many fountains.
       Oracle of Delphi.
    Level 7:
       A fountain.
       Stairs up to Sokoban, level 6.
 The Gnomish Mines: levels 4 to 8
    Level 4:
    Level 5:
    Level 6:
    Level 7:
       Many shops, a temple and an altar, some fountains.
    Level 8:
       Final resting place for
          gbast73-Rog-Orc-Mal-Cha, killed by a plains centaur.
 Sokoban: levels 6 up to 3
    Level 3: <- You were here.
       Solved.
       Final resting place for
          you, killed by a leocrotta.
    Level 4:
       Solved.
    Level 5:
       Solved.
    Level 6:
       Solved.


Vanquished creatures:
  a demilich
  a shopkeeper
  a ghost
  a giant mimic
  a warg
  2 trolls
  a gelatinous cube
  a freezing sphere
  a dwarf ruler
 an ochre jelly
 an energy vortex
  a red naga
  a wraith
  a chameleon
  a crocodile
  3 giant beetles
  a cockatrice
  3 wolves
  a panther
  2 leprechauns
  a giant spider
  a horse
  a vampire bat
  2 orc mummies
  2 yetis
  a Green-elf
  3 jaguars
  2 white unicorns
  a dust vortex
  3 ravens
  a plains centaur
  a gnome mummy
  2 snakes
 an ape
  a human zombie
  2 rope golems
  2 water nymphs
  a rock piercer
  2 rock moles
  3 ponies
  3 yellow lights
  a shrieker
  8 gnome leaders
  3 gnomish wizards
  a kobold mummy
  a barrow wight
  a straw golem
  a paper golem
  3 giant ants
  2 floating eyes
  a kitten
  8 dwarves
  a kobold leader
  a kobold shaman
  2 rabid rats
  2 orc zombies
  4 dwarf zombies
  a werejackal
  3 iguanas
  8 killer bees
  3 coyotes
  a gas spore
  a hobbit
  a large kobold
  2 giant rats
  6 cave spiders
  2 red molds
 30 gnomes
  3 gnome zombies
  6 geckos
  5 jackals
  2 foxes
  a kobold
  a goblin
  8 sewer rats
  a grid bug
  3 bats
  7 lichens
  a kobold zombie
  8 newts
206 creatures vanquished.

No species were genocided or became extinct.

Game over:
                       ----------
                      /          \
                     /    REST    \
                    /      IN      \
                   /     PEACE      \
                  /                  \
                  |      Anwyn       |
                  |      324 Au      |
                  |   killed by a    |
                  |    leocrotta     |
                  |                  |
                  |                  |
                  |       2026       |
                 *|     *  *  *      | *
        _________)/\\_//(\/(/\)/\//\/|_)_______

Goodbye Anwyn the Barbarian...

You died in Sokoban on dungeon level 3 with 11692 points,
and 324 pieces of gold, after 7325 moves.
You were level 9 with a maximum of 101 hit points when you died.

